 Dungeon Crawl Stone Soup version 0.29.1-13-g9f3cf754e1 (webtiles) character file.

Game seed: 12379435577675061660

42069 croobank the Covert (level 13, -15/107 HPs)
             Began as a Demigod Ice Elementalist on Feb 10, 2023.
             Demolished by an eight-headed hydra simulacrum (30 damage)
             ... on level 4 of the Lair of Beasts.
             The game lasted 01:42:28 (24188 turns).

croobank the Covert (Demigod Ice Elementalist)     Turns: 24188, Time: 01:42:28

Health: -15/107    AC: 12    Str:  9    XL:     13   Next: 47%
Magic:  30/30      EV: 16    Int: 45    God:
Gold:   1151       SH:  5    Dex: 17    Spells: 9/29 levels left

rFire   . . .      SeeInvis .   R - +4 war axe (flame)
rCold   . . .      Faith    .   (no shield)
rNeg    + . .      Spirit   .   l - +3 troll leather armour
rPois   .          Reflect  +   N - +0 helmet
rElec   +          Harm     .   w - +0 cloak
rCorr   .          Rampage  .   (no gloves)
Will    +....                   u - +1 pair of boots
Stlth   ++++......              q - amulet of reflection
HPRegen 1.07/turn               j - ring "Emeit" {rElec rN+ Int+6 Dex+3}
MPRegen 0.22/turn               y - +6 ring of intelligence

@: no status effects
A: high MP 1, forlorn, divine attributes
a: no special abilities


You were on level 4 of the Lair of Beasts.
You visited 2 branches of the dungeon, and saw 17 of its levels.

You collected 1271 gold pieces.
You spent 120 gold pieces at shops.

Inventory:

Hand Weapons
 t - the +4 mace of the Singing Gods {drain, Will- rCorr Int-4 SInv}
   (You took it off an orc on level 9 of the Dungeon)

   A truly terrible weapon, it drains the life of any living foe it strikes.
   Int:       It affects your intelligence (-4).
   SInv:      It lets you see invisible.
   rCorr:     It protects you from acid and corrosion.
   Will:      It decreases your willpower.
 D - a +2 dagger of speed
 J - the +8 hand axe of Autumn {vorpal, *Noise rF+ rC+ Dex+2}
   (You found it on level 9 of the Dungeon)

   It inflicts extra damage upon your enemies.
   Dex:       It affects your dexterity (+2).
   rF:        It protects you from fire.
   rC:        It protects you from cold.
   *Noise:    It may make noises in combat.
 R - a +4 war axe of flaming (weapon)
 S - a +0 broad axe of flaming
 X - the +8 shortbow "Demigod's Death" {freeze, Fly rElec rF-}
   (You found it on level 2 of the Lair of Beasts)

   Any ammunition fired from it freezes those it strikes, dealing additional
   cold damage.
   It can also slow down cold-blooded creatures.
   rF:        It makes you vulnerable to fire.
   rElec:     It insulates you from electricity.
   Fly:       It grants you flight.
Missiles
 d - 7 javelins
 v - 27 poisoned darts (quivered)
 H - 3 silver javelins
 P - 5 boomerangs
 Y - 4 datura-tipped darts
Armour
 l - a +3 troll leather armour (worn)
 u - a +1 pair of boots (worn)
 w - a +0 cloak (worn)
 N - a +0 helmet (worn)
Jewellery
 e - a ring of ice
 g - a +4 ring of evasion
 h - a ring of fire
 j - the ring "Emeit" (left hand) {rElec rN+ Int+6 Dex+3}
   (You found it on level 4 of the Lair of Beasts)

   [ring of intelligence]

   Int:       It affects your intelligence (+6).
   Dex:       It affects your dexterity (+3).
   rElec:     It insulates you from electricity.
   rN:        It protects you from negative energy.
 n - a ring of willpower
 q - an amulet of reflection (around neck)
 x - a ring of protection from fire
 y - a +6 ring of intelligence (right hand)
 C - a ring of poison resistance
 I - a ring of magical power
 T - a +4 ring of protection
 U - a ring of ice
Wands
 E - a wand of charming (15)
 M - a wand of flame (32)
Scrolls
 p - 5 scrolls of teleportation
 z - 6 scrolls of fear
 A - 2 scrolls of fog
 G - 2 scrolls of blinking
 K - a scroll of magic mapping
 O - 4 scrolls of identify
 V - 2 scrolls of vulnerability
 W - 2 scrolls of silence
Potions
 c - 7 potions of curing
 f - a potion of flight
 i - 3 potions of invisibility
 k - 3 potions of brilliance
 m - 2 potions of lignification
 o - a potion of cancellation
 r - 5 potions of magic
 F - a potion of haste
 L - a potion of mutation
Miscellaneous
 b - a phial of floods (inert)
 B - a phantom mirror (inert)


   Skills:
 + Level 7.8 Fighting
 + Level 7.5 Axes
 + Level 4.0 Armour
 + Level 8.8 Dodging
 + Level 9.4 Stealth
 * Level 8.7 Spellcasting
 * Level 5.9 Transmutations
 + Level 9.3 Ice Magic
 * Level 5.9 Air Magic


You had 9 spell levels left.
You knew the following spells:

 Your Spells              Type           Power      Damage    Failure   Level
a - Freeze                Ice            100%       1d11      1%          1
b - Frozen Ramparts       Ice            100%       1d16      1%          3
c - Ozocubu's Armour      Ice            80%        N/A       1%          3
d - Hailstorm             Conj/Ice       57%        3d12      2%          4
e - Ensorcelled Hibernat  Hex/Ice        100%       N/A       1%          2
f - Storm Form            Tmut/Air       32%        N/A       82%         7

Your spell library contained the following spells:

 Spells                   Type           Power      Damage    Failure   Level
 Apportation              Tloc           38%        N/A       1%          1
 Necrotise                Necr           76%        1d7       1%          1
 Shock                    Conj/Air       100%       1d9       1%          1
 Summon Small Mammal      Summ           76%        N/A       1%          1
 Passwall                 Tmut/Erth      38%        N/A       1%          2
 Swiftness                Air            65%        N/A       1%          3
 Airstrike                Air            32%        2d(5-21)  1%          4
 Blink                    Tloc           38%        N/A       3%          2
 Confusing Touch          Hex            19%        N/A       6%          3
 Gell's Gravitas          Tloc           19%        N/A       6%          3
 Teleport Other           Tloc           19%        N/A       6%          3
 Tukima's Dance           Hex            19%        N/A       6%          3
 Yara's Violent Unravell  Hex/Tmut       23%        3d10      16%         5
 Anguish                  Hex/Necr       9%         N/A       19%         4
 Passage of Golubria      Tloc           19%        N/A       19%         4
 Manifold Assault         Tloc           19%        N/A       47%         5
 Dispersal                Tloc           9%         N/A       96%         6
 Enfeeble                 Hex            9%         N/A       100%        7


Dungeon Overview and Level Annotations

Branches:
Dungeon (12/15)            Temple (0/1) D:6            Lair (5/5) D:10
  Swamp (0/4) Lair:2        Snake (0/4) Lair:2          Orc (0/2) D:11
  Slime: Lair:4-5

Shops:
D:10 *

Annotations:
D:10 1 runed translucent door, devnull's ghost, novice DsNe


Innate Abilities, Weirdness & Mutations

You have an increased reservoir of magic. (+10% MP)
You shall have no god before yourself.
Your divine heritage dramatically boosts your attributes as you level up.


Message History

You block the cane toad's attack.
You hit the cane toad but do no damage.
The cane toad is heavily wounded.
The wall freezes the cane toad but does no damage.
The cane toad misses you.
You hit the cane toad. You burn the cane toad.
The cane toad is severely wounded.
The wall freezes the cane toad!
The cane toad misses you.
You slash the cane toad! You burn the cane toad.
You kill the cane toad!
You start resting.
The frozen ramparts melt away.
You start resting.
Magic restored.
You start waiting.
Your icy armour starts to melt.
Your icy armour cracks and falls away as you move.
There is a stone staircase leading up, spattered with blood here.
You climb upwards.
You block the eight-headed hydra simulacrum's attack.
The eight-headed hydra simulacrum barely misses you.
The eight-headed hydra simulacrum bites you.
The eight-headed hydra simulacrum freezes you!!
The eight-headed hydra simulacrum misses you.
The eight-headed hydra simulacrum bites you but does no damage.
The eight-headed hydra simulacrum bites you.
The eight-headed hydra simulacrum freezes you!!
The eight-headed hydra simulacrum closely misses you.
The eight-headed hydra simulacrum bites you but does no damage.
The rime drake simulacrum completely misses you.
There is a stone staircase leading down here.
The rime drake simulacrum closely misses you.
The eight-headed hydra simulacrum bites you but does no damage.
The eight-headed hydra simulacrum completely misses you.
The eight-headed hydra simulacrum bites you.
The eight-headed hydra simulacrum freezes you!
* * * LOW HITPOINT WARNING * * *
The eight-headed hydra simulacrum bites you.
* * * LOW HITPOINT WARNING * * *
The eight-headed hydra simulacrum freezes you!!
You die...

.......#..#
$..(.##..#.P..####
..#....##..##?!###...#.P.##
....^#..#...####....##...#
.....รทรทรท##..........#...##
.........#.........##[###
...#.....##..$..Z.##..P#
....#.....###'''###..###
..P.#................#
....##.........Z@....#
.....#....#.....Z...##
##..#......#..#...###
###.....P.....#<###
##......#.......##
.#...............#
...............#.#
..(..>..###.....##
#.....#####......#


You could see an eight-headed hydra simulacrum, a death yak simulacrum and a
rime drake simulacrum.

Vanquished Creatures
  5 hydras
  4 boulder beetles
  An ogre mage (D:10)
  A catoblepas (Lair:2)
  2 two-headed ogres
  A tengu warrior (D:9)
  A death yak (Lair:4)
  Urug (Lair:1)
  A bog body (Lair:2)
  2 lindwurms
  2 cyclopes
  7 elephants
  6 cane toads
  An unseen horror (D:10)
  3 rime drakes
  5 komodo dragons
  A tengu conjurer (D:9)
  A polar bear (Lair:3)
  A meliai (D:10)
  4 trolls
  Grinder (D:6)
  A slime creature (D:10)
  A hornet (Lair:3)
  16 blink frogs
  9 dream sheep
  3 wraiths (D:10)
  A shadow (D:11)
  40 yaks
  2 vampires
  2 wyverns (Lair:5)
  3 basilisks
  A steam dragon (D:8)
  A vampire mosquito (D:10)
  Menkaure (D:6)
  An acid dragon (D:10)
  Edmund (D:6)
  2 nagas (Lair:2)
  14 water moccasins
  6 orc warriors
  An ice beast (D:6)
  A sky beast (D:7)
  4 black bears
  2 ogres
  11 wolves
  11 centaurs
  A phantom (D:7)
  2 kobold brigands
  A necrophage (D:6)
  13 bullfrogs
  A gnoll sergeant (D:11)
  A scorpion (D:5)
  8 wights
  5 killer bees (D:11)
  3 howler monkeys
  An electric eel (Lair:3)
  A gnoll bouda (D:7)
  7 jellies
  10 orc priests
  A hound (D:6)
  6 iguanas
  22 orc wizards
  10 gnolls
  14 adders
  2 shadow imps
  A white imp (D:11)
  An ufetubus (D:6)
  A worm (D:3)
  4 dart slugs
  92 orcs
  7 ball pythons
  4 bats
  12 endoplasms
  3 giant cockroaches
  5 goblins
  8 hobgoblins
  8 jackals
  22 kobolds
  4 quokkas
  3 frilled lizards
  3 rats
473 creatures vanquished.

Vanquished Creatures (collateral kills)
  The ghost of bjubeck the Carver, a journeyman MiBe of Trog (Lair:5)
  3 blink frogs (Lair:5)
  A jelly (D:5)
  An iguana (D:5)
  An orc (D:5)
7 creatures vanquished.

Vanquished Creatures (others)
  A wight (D:10)
  45 fungi
  62 plants
  5 toadstools (D:5)
113 creatures vanquished.

Grand Total: 593 creatures vanquished

Notes
Turn   | Place    | Note
-------+----------+-------------------------------------------
     0 | D:1      | croobank the Demigod Ice Elementalist began the quest for
                  | the Orb.
     0 | D:1      | Reached XP level 1. HP: 14/14 MP: 5/5
   346 | D:1      | Reached XP level 2. HP: 20/20 MP: 5/7
  1296 | D:2      | Reached XP level 3. HP: 26/26 MP: 6/8
  1316 | D:1      | Learned a level 3 spell: Frozen Ramparts
  2166 | D:2      | Reached XP level 4. HP: 30/33 MP: 6/10
  2895 | D:2      | Learned a level 3 spell: Ozocubu's Armour
  3584 | D:3      | Reached XP level 5. HP: 25/38 MP: 7/12
  4212 | D:4      | Noticed a black bear
  4229 | D:4      | Killed a black bear
  4494 | D:4      | Reached XP level 6. HP: 45/45 MP: 1/13
  5024 | D:4      | Reached skill level 5 in Ice Magic
  5027 | D:4      | Reached XP level 7. HP: 33/50 MP: 9/15
  5511 | D:5      | Entered Level 5 of the Dungeon
  6128 | D:5      | Reached skill level 5 in Stealth
  6134 | D:5      | Reached XP level 8. HP: 46/57 MP: 5/18
  6745 | D:6      | Reached skill level 5 in Dodging
  6998 | D:6      | Noticed Grinder
  7022 | D:6      | Killed Grinder
  7099 | D:6      | Reached skill level 5 in Spellcasting
  7134 | D:6      | Noticed Edmund
  7159 | D:6      | Killed Edmund
  7668 | D:6      | Noticed Menkaure
  7681 | D:6      | Killed Menkaure
  7823 | D:6      | Found a staircase to the Ecumenical Temple.
  8541 | D:7      | Reached XP level 9. HP: 25/62 MP: 17/20
  8967 | D:7      | Learned a level 4 spell: Hailstorm
  9309 | D:7      | Reached skill level 1 in Fighting
 10150 | D:8      | Reached skill level 1 in Axes
 10633 | D:8      | Noticed a two-headed ogre
 10648 | D:8      | Killed a two-headed ogre
 11137 | D:9      | Identified the +8 hand axe of Autumn {vorpal, *Noise rF+
                  | rC+ Dex+2}
 11302 | D:9      | HP: 3/69 [something (9)]
 11600 | D:9      | Identified the +4 mace of the Singing Gods {drain, Will-
                  | rCorr Int-4 SInv}
 11903 | D:9      | Reached XP level 10. HP: 77/77 MP: 23/23
 12080 | D:9      | Noticed a tengu warrior
 12102 | D:9      | Killed a tengu warrior
 12130 | D:10     | Entered Level 10 of the Dungeon
 13147 | D:10     | Found Hiuff's Assorted Antiques.
 13156 | D:10     | Bought a scroll of identify for 60 gold pieces
 13156 | D:10     | Bought a scroll of identify for 60 gold pieces
 13158 | D:10     | Identified a scroll of acquirement
 13158 | D:10     | Acquired an amulet of reflection
 13396 | D:10     | Identified the +7 great sword of Corphucypn {venom, Contam
                  | Dex+6}
 13568 | D:10     | Noticed an ogre mage
 13569 | D:10     | Reached skill level 5 in Fighting
 13581 | D:10     | Reached skill level 5 in Axes
 13585 | D:10     | Noticed a cyclops
 14191 | D:10     | Found a runed translucent door.
 14192 | D:10     | Noticed devnull's ghost (novice DsNe)
 14277 | D:10     | Noticed a two-headed ogre
 14283 | D:10     | Killed a two-headed ogre
 14283 | D:10     | Killed a cyclops
 14284 | D:10     | Reached XP level 11. HP: 87/88 MP: 10/25
 14348 | D:10     | Reached skill level 1 in Air Magic
 14597 | D:10     | Found a staircase to the Lair.
 14705 | D:10     | Reached skill level 1 in Transmutations
 14967 | D:10     | Killed an ogre mage
 16011 | D:11     | Found a staircase to the Orcish Mines.
 16104 | D:11     | Noticed a boulder beetle
 16142 | D:11     | Killed a boulder beetle
 16295 | D:11     | Noticed a boulder beetle
 16310 | D:11     | Killed a boulder beetle
 17633 | D:12     | Noticed a seven-headed hydra
 17706 | Lair:1   | Entered Level 1 of the Lair of Beasts
 17856 | Lair:1   | Learned a level 2 spell: Ensorcelled Hibernation
 18392 | Lair:1   | Reached skill level 1 in Armour
 18611 | Lair:1   | Noticed Urug
 18640 | Lair:1   | Killed Urug
 19188 | Lair:2   | Found a staircase to the Snake Pit.
 19311 | Lair:2   | Reached XP level 12. HP: 95/97 MP: 17/27
 19502 | Lair:2   | Noticed a catoblepas
 19527 | Lair:2   | Killed a catoblepas
 19844 | Lair:2   | Noticed a five-headed hydra
 19853 | Lair:2   | Killed a four-headed hydra
 19879 | Lair:2   | Noticed a boulder beetle
 19910 | Lair:2   | Killed a boulder beetle
 20386 | Lair:2   | Found a staircase to the Swamp.
 20602 | Lair:2   | Identified the +8 shortbow "Demigod's Death" {freeze, Fly
                  | rElec rF-}
 21075 | Lair:3   | Noticed an eight-headed hydra
 21088 | Lair:3   | Killed a two-headed hydra
 22395 | Lair:4   | Reached skill level 5 in Air Magic
 22519 | Lair:4   | Noticed a four-headed hydra
 22520 | Lair:4   | Reached skill level 5 in Transmutations
 22526 | Lair:4   | Killed a two-headed hydra
 22527 | Lair:4   | Reached XP level 13. HP: 105/105 MP: 15/29
 23059 | Lair:4   | Found a runed translucent gate.
 23059 | Lair:4   | Found a runed translucent gate.
 23059 | Lair:4   | Found a runed translucent gate.
 23116 | Lair:4   | Identified the ring "Emeit" {rElec rN+ Int+6 Dex+3}
 23128 | Lair:4   | Learned a level 7 spell: Storm Form
 23185 | Lair:4   | Noticed bjubeck's ghost (journeyman MiBe)
 23302 | Lair:5   | Entered Level 5 of the Lair of Beasts
 23395 | Lair:5   | Killed bjubeck's ghost
 24188 | Lair:4   | Demolished by an eight-headed hydra simulacrum

Illustrated notes

Levels and vault maps discovered:
D:1:      dreamdust_arrival_sigmund_warning, layout_basic
D:2:      layout_loops_corners, shapermc_ecumenical_altar_totnotflames
D:3:      layout_basic, lemuel_tele_altar, kennysheep_generic_room_6
D:4:      cheibrodos_thug_alley, layout_rooms, kennysheep_mini,
          mainiacjoe_overflow_24_doors, dk_rats_in_the_wall
D:5:      layout_cave_pools, chequers_temple_overflow_statue_of_worship,
          minmay_gold_behind_fungi, minmay_increasing_density
D:6:      layout_basic, temple_doors_e, uniq_menkaure, uniq_edmund, uniq_grinder
D:7:      layout_basic, minmay_starry_boxes
D:8:      layout_loops_ring
D:9:      layout_small_grid
D:10:     layout_basic, lair_entry_dummy, serial_shops,
          nicolae_shop_overgrown_old_shop, gammafunk_ghost_grave,
          minmay_pinched_square
D:11:     layout_roguey, hiddenorc2_lemuel, reono_crystal_passage
D:12:     layout_basic, nicolae_trove_entry_diagonal, serial_ice, serial_ice_b,
          serial_ice_l, serial_ice_e, serial_ice_o, serial_ice_a, serial_ice_d,
          serial_ice_c, serial_ice_h, serial_shops, shop, shop,
          nicolae_shop_statue_plus, uniq_gastronok
Lair:1:   layout_cave_pods, grunt_megastairs_3, lemuel_fruit_tree, uniq_urug
Lair:2:   layout_chaotic_city, skrybe_swamp_entry_bodies,
          guppyfry_snake_entry_island, nicolae_volcano_entry_s_turn,
          chequers_serial_rivers_small_a, lemuel_fruit_fields
Lair:3:   layout_roguey, serial_bayou_shore_a
Lair:4:   layout_misc_corridors, gammafunk_ghost_icy,
          hangedman_lair_generics_rect
Lair:5:   grunt_lair_end_beastmaster, layout_concentric_octagons,
          nicolae_slime_entry_slimehenge, grunt_megastairs_5,
          infiniplex_staircase_pool_2, uniq_rupert

Skill      XL: |  1  2  3  4  5  6  7  8  9 10 11 12 13 |
---------------+----------------------------------------+-----
Stealth        | 2 3 4 5 6 7 8 9 |  9.4
Dodging        | 2 3 4 5 6 7 8 |  8.8
Spellcasting   | 2 3 4 5 6 7 8 |  8.7
Ice Magic      | 4 5 6 7 8 9 |  9.3
Fighting       | 3 5 6 7 |  7.8
Axes           | 3 5 6 7 |  7.5
Air Magic      | 3 5 |  5.9
Transmutations | 3 5 |  5.9
Armour         | 1 3 4 |  4.0

Action                   |  1- 3 |  4- 6 |  7- 9 | 10-12 | 13-15 || total
-------------------------+-------+-------+-------+-------+-------++-------
Melee: Short sword       |    15 |       |       |       |       ||    15
       Dagger            |    49 |    83 |   200 |       |       ||   332
       Punch             |       |     1 |     5 |     9 |       ||    15
       Hand axe          |       |       |    17 |   307 |       ||   324
       War axe           |       |       |       |    35 |    64 ||    99
 Fire: Shortbow          |       |       |       |   107 |    28 ||   135
Throw: Stone             |    10 |     4 |     8 |       |       ||    22
       Throwing net      |       |       |     8 |     2 |       ||    10
       Dart              |       |       |       |    12 |     5 ||    17
 Cast: Freeze            |    21 |     3 |    13 |    34 |    17 ||    88
       Frozen Ramparts   |     9 |    27 |    50 |    78 |    20 ||   184
       Ozocubu's Armour  |       |     6 |    40 |    72 |    19 ||   137
       Hailstorm         |       |       |     7 |    69 |    17 ||    93
       Ensorcelled Hiber |       |       |       |     2 |     1 ||     3
Evoke: Wand              |       |       |     3 |     3 |       ||     6
       Phial of floods   |       |       |       |       |     1 ||     1
       Phantom mirror    |       |       |       |       |     1 ||     1
  Use: Scroll            |       |    11 |     9 |    11 |     4 ||    35
       Potion            |       |       |     5 |     4 |     8 ||    17
 Stab: Sleeping          |     5 |     4 |     8 |     2 |       ||    19
       Held in net/web   |       |       |     4 |     1 |       ||     5
Armor: Robe              |     8 |    31 |    93 |   104 |       ||   236
       Troll leather arm |       |       |       |   128 |    46 ||   174
Dodge: Dodged            |    54 |    78 |   197 |   361 |    81 ||   771
Block: Other             |       |       |       |   108 |    29 ||   137
       Reflection        |       |       |       |     3 |       ||     3
